AoeStats
← BYoooo

Hideout

510050340Analyzed
1v1 RM · 3d ago on Sep 29, 2026· 53m 53s· 2 players
Game mode
Random Map
Map size
Tiny (2 player)
Population
200
Speed
Normal
Resources
Standard
Victory
Conquest
Starting age
Dark Age
Ending age
Imperial Age
RankedLock teamsTeams togetherTeam positionsShared explorationLock speedFull tech treeHidden civsTurbo modeCheats
Victory
Defeat
🇩🇪 Franks · Germany
694
+13
🇺🇸 Britons · United States
625
-13
BYoooo
10:53 Feudal Age
11:21 Double-Bit Axe
18:51 Castle Age
19:34 Husbandry
20:01 Stone Mining
20:02 Gold Mining
20:10 Gold Mining
23:38 Gold Shaft Mining
24:08 Loom
25:00 Wheelbarrow
24:13 Town Watch
26:57 Hand Cart
26:43 Town Patrol
27:00 Bow Saw
28:14 Scale Barding Armor
33:52 Imperial Age
32:41 Chain Barding Armor
32:32 Forging
33:00 Devotion
35:16 Conscription
34:59 Chivalry
34:28 Cavalier
37:08 Chemistry
36:29 Ballistics
36:26 Masonry
36:13 Murder Holes
36:29 Fortified Wall
36:10 Guard Tower
40:19 Chivalry
47:11 Paladin
47:23 Elite Throwing Axeman
48:41 Hoardings
Atlas The MAD Turtle
9:58 Loom
12:08 Feudal Age
17:58 Castle Age
17:05 Double-Bit Axe
17:09 Horse Collar
17:55 Fletching
18:59 Wheelbarrow
19:38 Heavy Plow
19:58 Bow Saw
21:45 Bodkin Arrow
23:18 Pikeman
24:03 Squires
26:54 Hand Cart
27:45 Town Watch
28:04 Scale Mail Armor
29:55 Treadmill Crane
30:11 Murder Holes
30:37 Ballistics
31:01 Town Patrol
31:34 Yeomen
31:27 Forging
31:23 Scale Barding Armor
31:19 Gambesons
31:20 Arson
32:11 Stone Mining
36:27 Imperial Age
34:30 Gold Mining
35:28 Iron Casting
35:13 Chain Barding Armor
34:55 Padded Archer Armor
34:21 Crossbowman
37:26 Onager
39:01 Bracer
40:02 Blast Furnace
40:58 Heavy Scorpion
41:28 Halberdier
42:35 Conscription
53:13 Chemistry
52:30 Elite Longbowman
Connection lost

Rejoining the realm…

Still unreachable

The connection could not be restored.

Session expired

The server has moved on; the page needs a fresh start.